 Dungeon Crawl Stone Soup version 0.31-a0-208-gdb31a4691d (webtiles) character file.

Game seed: 16374846940579244303

16476 CoordinateN the Severer (level 12, -1/159 HPs)
             Began as a Minotaur Berserker on June 28, 2023.
             Was an Elder of Trog.
             Slain by a 12-headed hydra (3 damage)
             ... on level 1 of the Lair of Beasts on Oct 5, 2023.
             The game lasted 01:10:38 (15712 turns).

CoordinateN the Severer (Minotaur Berserker)       Turns: 15712, Time: 01:10:39

Health: -1/159     AC: 14    Str: 29    XL:     12   Next: 10%
Magic:  20/20      EV: 10    Int:  4    God:    Trog [****..]
Gold:   786        SH:  6    Dex: 10    Spells: 11/11 levels left

rFire   + . .        F - +2 war axe (elec)
rCold   . . .        l - +3 buckler of Vomnepaf {MP+9 Str+2 Stlth+}
rNeg    . . .        j - +1 chain mail
rPois   .            u - +1 hat
rElec   .            (no cloak)
rCorr   .            (no gloves)
SInv    .            g - +0 pair of boots
Will    +....        E - amulet of regeneration Stlth
                     f - ring of protection from fire
HPRegen 1.26/turn    B - ring of willpower
MPRegen 0.17/turn

%: no passive effects
@: berserking, very quick
A: horns 2, retaliatory headbutt
a: Renounce Religion, Berserk, Trog's Hand, Brothers in Arms


You were on level 1 of the Lair of Beasts.
You worshipped Trog.
Trog was greatly pleased with you.
You visited 2 branches of the dungeon, and saw 12 of its levels.

You collected 786 gold pieces.

Inventory:

Hand Weapons
 a - a +2 hand axe
 q - a +0 battleaxe
 F - a +2 war axe of electrocution (weapon)
 L - a +0 demon blade
Missiles
 M - 2 throwing nets
Armour
 g - a +0 pair of boots (worn)
 j - a +1 chain mail (worn)
 l - the +3 buckler of Vomnepaf (worn) {MP+9 Str+2 Stlth+}
   (You found it on level 3 of the Dungeon)

   Str:       It affects your strength (+2).
   MP:        It affects your magic capacity (+9).
   Stlth:     It makes you more stealthy.
 u - a +1 hat (worn)
 y - a +0 troll leather armour
Jewellery
 f - a ring of protection from fire (left hand)
 i - an amulet of magic regeneration
 B - a ring of willpower (right hand)
 E - an amulet of regeneration (around neck)
 K - a ring of flight
Wands
 b - a wand of roots (8)
 c - a wand of flame (14)
 t - a wand of paralysis (15) (quivered)
 H - a wand of light (5)
Scrolls
 d - 4 scrolls of poison
 m - a scroll of fear
 n - 2 scrolls of identify
 v - a scroll of fog {unknown}
 w - 3 scrolls of noise {unknown}
 x - a scroll of revelation
 D - a scroll of silence {unknown}
 G - a scroll of teleportation
 I - a scroll of butterflies
Potions
 e - 2 potions of attraction
 h - a potion of berserk rage
 k - 2 potions of magic
 o - a potion of heal wounds {unknown}
 p - 3 potions of might
 r - a potion of mutation
 s - a potion of brilliance {unknown}
 z - a potion of invisibility {unknown}
 A - 2 potions of degeneration {unknown}
 C - 2 potions of resistance {unknown}
 J - a potion of cancellation {unknown}


   Skills:
 + Level 10.1 Fighting
 - Level 19.0 Axes
 + Level 9.7 Armour
 - Level 4.6 Dodging


You had 11 spell levels left.
You didn't know any spells.
Your spell library contained the following spells:

 Spells                   Type           Power      Damage    Failure   Level
 Dazzling Flash           Conj/Hex       0%         N/A       100%        3
 Agony                    Necr           0%         N/A       100%        5
 Silence                  Hex/Air        0%         N/A       100%        5


Dungeon Overview and Level Annotations

Branches:
Dungeon (10/15)            Temple (0/1) D:6            Lair (2/5) D:8
  Swamp: Lair:2-3    Shoals: Lair:2-3     Snake: Lair:2-3    Spider: Lair:2-3
    Orc: D:9-12

Altars:
Hepliaklqana
Nemelex Xobeh
Okawaru
Qazlal
Ru
Trog
Uskayaw
Wu Jian
The Shining One

Annotations:
D:6 3 runed translucent doors, benadryl's ghost, amateur MiBe
D:7 3 runed translucent doors, SirDiesAlot's ghost, novice OpNe
Lair:1 3 runed translucent doors, osoart's ghost, novice GnHs


Innate Abilities, Weirdness & Mutations

You have a pair of horns on your head.
You reflexively headbutt those who attack you in melee.


Message History

A red film seems to cover your vision as you go berserk!
You feel yourself moving faster!
You feel mighty!
The eight-headed hydra barely misses you.
The eight-headed hydra bites you but does no damage.
The eight-headed hydra barely misses you. x2
The eight-headed hydra bites you!
* * * LOW HITPOINT WARNING * * *
The eight-headed hydra bites you but does no damage. x2
The eight-headed hydra bites you.
* * * LOW HITPOINT WARNING * * *
You hack one of the eight-headed hydra's heads off!
The seven-headed hydra grows two more!
You slash the nine-headed hydra!
The nine-headed hydra is moderately wounded.
You chop one of the nine-headed hydra's heads off!
The eight-headed hydra grows two more!
You hit the ten-headed hydra.
The ten-headed hydra is lightly wounded.
The ten-headed hydra bites you but does no damage.
The ten-headed hydra closely misses you.
The ten-headed hydra bites you but does no damage.
You block the ten-headed hydra's attack.
The ten-headed hydra barely misses you.
The ten-headed hydra bites you but does no damage. x2
You block the ten-headed hydra's attack.
The ten-headed hydra barely misses you.
You block the ten-headed hydra's attack.
You are too berserk!
You hack one of the ten-headed hydra's heads off!
The nine-headed hydra grows two more!
You slice the 11-headed hydra!!
The 11-headed hydra is moderately wounded.
You lop one of the 11-headed hydra's heads off!
The ten-headed hydra grows two more!
You slice the 12-headed hydra!!
The 12-headed hydra is heavily wounded.
You block the 12-headed hydra's attack. The 12-headed hydra bites you!
* * * LOW HITPOINT WARNING * * *
The 12-headed hydra closely misses you. The 12-headed hydra bites you.
* * * LOW HITPOINT WARNING * * *
The 12-headed hydra bites you!
* * * LOW HITPOINT WARNING * * *
The 12-headed hydra bites you.
You die...

∙∙▒▒∙∙▒▒▒∙∙∙∙∙▒∙∙∙∙∙∙∙∙▒∙∙∙▒∙∙∙∙∙
∙▒▒▒∙∙▒ ▒∙∙∙∙∙▒∙∙∙∙∙∙∙∙▒∙∙∙▒∙∙∙∙∙
∙▒▒▒∙▒▒ ▒∙∙∙∙∙▒∙∙∙∙∙∙∙∙▒∙∙∙▒∙∙∙∙∙
∙∙▒▒∙▒ ▒▒∙∙∙∙∙∙∙∙∙∙∙∙∙∙∙∙∙∙▒∙∙∙∙∙
∙▒▒▒'▒▒▒∙∙∙∙∙∙▒▒∙∙▒▒∙▒∙▒∙∙∙▒▒∙▒▒▒
∙%∙∙)∙∙∙∙∙∙∙∙∙∙∙∙∙∙∙∙∙∙∙∙▒∙∙∙∙∙∙∙
∙∙∙∙∙∙∙∙∙∙∙∙∙∙∙∙∙∙∙∙∙∙∙∙∙▒∙∙∙∙∙∙∙
∙∙∙∙∙∙∙∙∙∙∙∙∙∙∙)D∙∙▒∙▒∙▒∙∙∙∙∙∙∙∙∙
∙∙∙∙∙)∙∙∙∙∙∙∙∙∙∙@%∙▒∙∙∙∙∙∙∙∙∙∙∙∙∙
∙▒▒▒▒▒▒▒▒▒∙∙∙∙∙(∙%∙▒∙∙∙∙∙▒∙∙∙∙∙∙∙
▒▒ ▒▒▒ ▒∙∙∙∙∙∙∙∙∙▒∙∙∙∙∙▒▒▒∙▒▒▒▒ ▒
▒▒∙▒▒▒ ▒∙∙∙∙∙▒▒■▒∙∙∙∙∙∙∙▒▒▒▒▒▒▒ ▒
▒∙∙∙∙▒ ▒▒▒▒▒▒∙∙∙∙▒∙∙∙∙∙▒∙▒∙∙∙∙∙ ▒
▒∙∙∙∙▒▒▒▒♣~♣▒▒∙∙∙▒∙∙∙∙∙▒■∙∙∙∙∙∙ ▒
▒∙∙∙∙∙▒▒∙∙∙!♣▒▒∙∙▒∙∙∙∙∙▒▒∙∙∙∙∙∙ ▒
▒∙∙∙∙▒▒♣∙∙∙∙∙♣▒∙∙▒∙∙∙∙∙▒▒▒∙∙∙∙∙ ▒
▒▒∙∙∙P▒♣∙∙)∙?~▒∙∙∙∙∙∙∙∙∙▒▒▒∙▒▒∙


You could see a 12-headed hydra.

Vanquished Creatures
  Gastronok (D:9)
  A boulder beetle (D:10)
  Amaemon (D:8)
  A lindwurm (D:8)
  Pikel (D:6)
  Maurice (D:8)
  An elephant (D:8)
  An orange demon (D:8)
  3 cane toads (Lair:1)
  2 komodo dragons
  A polar bear (Lair:1)
  3 trolls (D:9)
  3 merfolk (Lair:1)
  A wyvern (Lair:1)
  22 yaks
  A wraith (D:10)
  A basilisk (D:8)
  6 steam dragons
  Menkaure (D:6)
  4 water moccasins
  4 orc warriors
  6 sky beasts
  2 black bears
  6 wolves (Lair:1)
  3 centaurs (D:8)
  2 kobold brigands
  A phantom (D:5)
  8 bullfrogs
  A scorpion (D:4)
  A cane toad simulacrum (Lair:1)
  9 wights
  3 killer bees (D:8)
  An elephant simulacrum (Lair:1)
  3 howler monkeys (D:8)
  A jelly (D:8)
  4 orc priests
  2 hounds
  Terence (D:2)
  2 sleepcaps
  3 iguanas
  Natasha (thrice) (D:4)
  11 orc wizards
  3 hell rats (D:7)
  Robin (D:4)
  7 gnolls
  12 adders
  5 river rats (D:7)
  5 white imps
  4 ufetubi
  3 worms
  40 orcs
  3 endoplasms
  11 goblins
  6 hobgoblins
  3 jackals (D:2)
  4 kobolds
  7 quokkas
  6 ball pythons
  2 bats
  A frilled lizard (D:2)
  16 rats
272 creatures vanquished.

Vanquished Creatures (others)
  An orc wizard (D:4)
1 creature vanquished.

Grand Total: 273 creatures vanquished

Notes
Turn   | Place    | Note
-------+----------+-------------------------------------------
     0 | D:1      | CoordinateN the Minotaur Berserker began the quest for the
                  | Orb.
     0 | D:1      | Reached XP level 1. HP: 19/19 MP: 0/0
   749 | D:2      | Reached XP level 2. HP: 19/27 MP: 1/1
   888 | D:2      | Reached skill level 4 in Axes
  1074 | D:2      | Noticed Terence
  1087 | D:2      | Killed Terence
  1088 | D:2      | Reached XP level 3. HP: 33/33 MP: 2/2
  1465 | D:1      | Reached XP level 4. HP: 37/41 MP: 3/3
  1523 | D:2      | Reached ** piety under Trog
  1620 | D:3      | Found a faded altar of an unknown god.
  1831 | D:3      | Reached XP level 5. HP: 47/47 MP: 4/4
  2503 | D:3      | Identified the +3 buckler of Vomnepaf {MP+9 Str+2 Stlth+}
  2918 | D:4      | Noticed Robin
  2934 | D:4      | Killed Robin
  2935 | D:4      | Reached skill level 5 in Fighting
  2996 | D:4      | Reached skill level 5 in Axes
  3004 | D:4      | Reached XP level 6. HP: 46/56 MP: 5/5
  3204 | D:4      | Noticed Natasha
  3213 | D:4      | Killed Natasha
  3355 | D:4      | Noticed Natasha
  3363 | D:4      | Killed Natasha
  3380 | D:4      | Noticed Natasha
  3384 | D:4      | Killed Natasha
  3431 | D:4      | Reached skill level 5 in Armour
  3597 | D:4      | Reached XP level 7. HP: 62/62 MP: 6/6
  3873 | D:4      | Found a faded altar of an unknown god.
  3875 | D:4      | Found a faded altar of an unknown god.
  3875 | D:4      | Found a hazy altar of Hepliaklqana.
  3955 | D:4      | Reached skill level 6 in Axes
  4182 | D:5      | Entered Level 5 of the Dungeon
  4501 | D:5      | Reached skill level 7 in Axes
  4636 | D:5      | Reached skill level 8 in Axes
  4826 | D:5      | Found an iron altar of Okawaru.
  4826 | D:5      | Found a glowing golden altar of the Shining One.
  4832 | D:5      | Found a stormy altar of Qazlal.
  4834 | D:5      | Found a faded altar of an unknown god.
  4836 | D:5      | Found a bloodstained altar of Trog.
  5072 | D:6      | Reached XP level 8. HP: 53/70 MP: 7/7
  5153 | D:6      | Reached skill level 9 in Axes
  5272 | D:5      | Reached skill level 10 in Axes
  5517 | D:6      | Noticed Menkaure
  5527 | D:6      | Killed Menkaure
  5580 | D:6      | Found a runed translucent gate.
  5597 | D:6      | Reached skill level 11 in Axes
  5600 | D:6      | Found a runed translucent gate.
  5600 | D:6      | Found a runed translucent gate.
  5601 | D:6      | Noticed benadryl's ghost (amateur MiBe)
  5936 | D:6      | Found a staircase to the Ecumenical Temple.
  5998 | D:6      | Reached skill level 12 in Axes
  6314 | D:7      | Reached XP level 9. HP: 70/75 MP: 8/8
  6830 | D:6      | Reached skill level 13 in Axes
  7090 | D:7      | Found a runed translucent gate.
  7090 | D:7      | Found a runed translucent gate.
  7090 | D:7      | Found a runed translucent gate.
  7092 | D:7      | Found a sparkling altar of Nemelex Xobeh.
  7179 | D:7      | Reached *** piety under Trog
  7708 | D:7      | Found an ornate altar of the Wu Jian Council.
  7833 | D:7      | Noticed SirDiesAlot's ghost (novice OpNe)
  8217 | D:7      | Noticed Pikel
  8272 | D:6      | Killed Pikel
  8273 | D:6      | Reached skill level 14 in Axes
  8547 | D:8      | Reached skill level 15 in Axes
  8854 | D:8      | Reached **** piety under Trog
  8855 | D:8      | Reached XP level 10. HP: 69/83 MP: 9/9
  9066 | D:8      | Noticed Maurice
  9367 | D:8      | Killed Maurice
  9368 | D:8      | Reached skill level 16 in Axes
  9493 | D:8      | Found a staircase to the Lair.
  9548 | D:8      | Noticed an elephant
  9560 | D:8      | Killed an elephant
 10476 | D:9      | Noticed Gastronok
 10824 | D:8      | Reached skill level 17 in Axes
 11493 | D:8      | Reached skill level 18 in Axes
 11741 | D:9      | Killed Gastronok
 11742 | D:9      | Reached XP level 11. HP: 89/89 MP: 10/10
 11845 | D:9      | Noticed Amaemon
 11915 | D:8      | Killed Amaemon
 12056 | D:8      | Reached skill level 19 in Axes
 12183 | D:9      | Noticed a +0 dagger
 12183 | D:9      | Noticed a +0 falchion
 12187 | D:9      | Found a hide-covered altar of Uskayaw.
 12187 | D:9      | Noticed a +0 dagger
 12188 | D:9      | Noticed a +0 spear
 12210 | D:9      | Noticed a +0 falchion
 12210 | D:9      | Noticed a +0 spear
 12210 | D:9      | Noticed a +0 short sword
 12211 | D:9      | Noticed a +0 short sword
 12620 | Lair:1   | Entered Level 1 of the Lair of Beasts
 12629 | Lair:1   | Noticed a lindwurm
 12649 | D:8      | Killed a lindwurm
 13697 | D:10     | Entered Level 10 of the Dungeon
 14418 | D:10     | Found a sacrificial altar of Ru.
 14428 | D:10     | Noticed a boulder beetle
 14555 | D:10     | Killed a boulder beetle
 15030 | Lair:1   | Found a runed translucent gate.
 15030 | Lair:1   | Found a runed translucent gate.
 15030 | Lair:1   | Found a runed translucent gate.
 15031 | Lair:1   | Noticed an 11-headed hydra
 15032 | Lair:1   | Noticed osoart's ghost (novice GnHs)
 15090 | Lair:1   | Reached XP level 12. HP: 84/105 MP: 11/11
 15612 | Lair:1   | Reached skill level 10 in Fighting
 15654 | Lair:2   | Noticed an eight-headed hydra
 15712 | Lair:1   | HP: 2/159 [12-headed hydra (13)]
 15712 | Lair:1   | Slain by a 12-headed hydra

Illustrated notes

Levels and vault maps discovered:
D:1:      spicycebolla_arrival_transporter_tutorial, layout_rooms,
          serial_rivers, chequers_serial_rivers_room_a,
          chequers_serial_rivers_large_a, chequers_serial_rivers_micro_b,
          chequers_serial_rivers_room_a, chequers_serial_rivers_small_b,
          chequers_serial_rivers_micro_d, minmay_misc_feat_hallway,
          serial_bayou_lagoon_a
D:2:      layout_loops_ring, uniq_terence
D:3:      layout_basic, nicolae_ecumenical_pavilion, kennysheep_donut
D:4:      layout_basic, nicolae_hepliaklqana_ecumenical_no_more, uniq_robin,
          uniq_natasha
D:5:      layout_cave_pools, chequers_temple_overflow_minitemple,
          nicolae_half_adder
D:6:      layout_rooms, minmay_temple_entry_steel_oval,
          gammafunk_ghost_nasty_kobolds, uniq_menkaure
D:7:      lemuel_ratsnest, layout_basic, kennysheep_little_box,
          nzn_wu_jian_contemplation, gammafunk_ghost_icy, hangedman_misty_isle,
          uniq_pikel
D:8:      layout_basic, david_lair_generic, amethyst_killhole, uniq_maurice
D:9:      layout_roguey [special_room_orc], nicolae_uskayaw_en_pointe,
          kennysheep_generic_room_4, uniq_amaemon, uniq_gastronok
D:10:     layout_rooms, hangedman_ru_absence
Lair:1:   layout_regular_city, gammafunk_ghost_hydra_chop,
          portal_ice_cave_entry_ice_simulacra, columned_hall_lemuel
Lair:2:   layout_chaotic_city, elwin_shoals_entry_stream,
          nicolae_snake_entry_warm_welcome, lemuel_fruit_tree

Skill      XL: |  1  2  3  4  5  6  7  8  9 10 11 12 |
---------------+-------------------------------------+-----
Fighting       | 4 5 9 10 | 10.1
Axes           | 4 5 8 12 15 18 19 | 19.0
Armour         | 3 4 5 9 |  9.7
Dodging        | 3 4 |  4.6

Action                     |  1- 3 |  4- 6 |  7- 9 | 10-12 || total
---------------------------+-------+-------+-------+-------++-------
  Melee: Hand axe          |    43 |   146 |   395 |   427 ||  1011
         Headbutt          |     4 |    20 |    67 |   106 ||   197
         Punch             |       |     1 |       |       ||     1
         War axe           |       |       |       |    69 ||    69
 Invoke: Berserk           |     1 |     2 |     8 |    11 ||    22
         Trog's Hand       |       |     3 |     4 |     2 ||     9
  Evoke: Wand              |       |       |    11 |    13 ||    24
    Use: Scroll            |       |     6 |     7 |     2 ||    15
         Potion            |       |       |       |     1 ||     1
 Armour: Animal skin       |     3 |       |       |       ||     3
         Leather armour    |     1 |       |       |       ||     1
         Chain mail        |       |    61 |   144 |   169 ||   374
  Dodge: Dodged            |    31 |    50 |   104 |   182 ||   367
  Block: Buckler           |       |    18 |    73 |   117 ||   208

Table legend: (Time is in decaauts)
 A = Elapsed time spent in this place.
 B = Non-inter-level travel time spent in this place.
 C = Inter-level travel time spent in this place.
 D = Time resting spent in this place.
 E = Time spent auto-exploring this place.
 F = Levels seen in this place.
 G = Mean time per level.
                   A        B        C        D        E       F      G
               +--------+--------+--------+--------+--------+-----+--------+
         Total |  15742 |  15276 |    466 |   3861 |   8066 |  12 | 1311.8 |
       Dungeon |  14206 |  13823 |    383 |   3538 |   7317 |  10 | 1420.6 |
          Lair |   1536 |   1454 |     82 |    323 |    749 |   2 |  768.0 |
               +--------+--------+--------+--------+--------+-----+--------+

Top non-repeatable levels by time:
     D:8: 3065 daAuts
     D:9: 1907 daAuts
     D:6: 1723 daAuts
  Lair:1: 1510 daAuts
     D:7: 1425 daAuts
     D:4: 1340 daAuts
     D:5: 1219 daAuts
     D:3: 1131 daAuts
     D:2: 949 daAuts
     D:1: 821 daAuts
    D:10: 620 daAuts
  Lair:2: 26 daAuts
